 Dungeon Sprint DCSS version 0.22-a0-430-g6609fc6 (webtiles) character file.

502 raistware the Basher (level 7, -2/70 HPs)
             Began as an Ogre Berserker on May 26, 2018.
             Was a High Priest of Trog.
             Slain by a hippogriff (3 damage)
             ... in the Dungeon (Sprint IX: "|||||||||||||||||||||||||||||").
             The game lasted 00:02:10 (378 turns).

raistware the Basher (Ogre Berserker)                Turns: 378, Time: 00:02:11

Health: -2/70      AC:  5    Str: 24    XL:     7   Next: 17%
Magic:  7/7        EV: 10    Int:  8    God:    Trog [*****.]
Gold:   0          SH:  0    Dex: 11    Spells: 6/6 levels left

rFire    . . .     SeeInvis .   o - +2 morningstar (crush)
rCold    . . .     Gourm    .   (no shield)
rNeg     . . .     Faith    .   b - +0 animal skin
rPois    .         Spirit   .   (helmet restricted)
rElec    .         Reflect  .   (no cloak)
rCorr    .         Harm     .   (gloves unavailable)
MR       .....     NoTele   +   (boots unavailable)
Stlth    +.........             (no amulet)
HPRegen  0.21/turn              a - +2 ring of protection
MPRegen  0.10/turn              p - +3 ring of dexterity

@: berserk cooldown, fainting, hasted, very quick
A: large, unfitting armour, tough skin 1
a: Berserk, Trog's Hand, Brothers in Arms, Renounce Religion


You were in the Dungeon.
You worshipped Trog.
Trog was extremely pleased with you.
You were fainting.

You visited 1 branch

Inventory:

Hand Weapons
 n - the +2 halberd "Raogu" {chop, rF+}
   (You found it in the Dungeon)

   It inflicts extra damage upon your enemies.
   It protects you from fire.
 o - a +2 morningstar of crushing (weapon)
Armour
 b - a +0 animal skin (worn)
Jewellery
 a - a +2 ring of protection (left hand)
 p - a +3 ring of dexterity (right hand)
Wands
 m - a wand of iceblast (8)
Scrolls
 i - 2 scrolls of blinking
 l - 3 scrolls of remove curse
Potions
 d - 5 potions of curing
 e - 3 potions of heal wounds
 g - 4 potions of magic
 h - a potion of berserk rage
 k - a potion of invisibility


   Skills:
 - Level 4.0 Fighting
 + Level 13.4 Maces & Flails
 - Level 2.6 Dodging


You had 6 spell levels left.
You didn't know any spells.
Your spell library was empty.

Dungeon Overview and Level Annotations

Branches:
Dungeon (1/1)

Altars:
Cheibriados
Dithmenos
Elyvilon
Fedhas
Gozag
Hepliaklqana
Kikubaaqudgha
Makhleb
Nemelex Xobeh
Okawaru
Qazlal
Ru
Sif Muna
Trog
Uskayaw
Vehumet
Wu Jian
Xom
Yredelemnul
Zin
The Shining One
Beogh
Jiyva
Lugonu


Innate Abilities, Weirdness & Mutations

You are too large for most types of armour.
You have tough skin. (AC +1)


Message History

The hippogriff bites you. The hippogriff barely misses you.
The hippogriff claws you.
You hit the hippogriff but do no damage.
The hippogriff is almost dead.
The hippogriff bites you.
* * * LOW HITPOINT WARNING * * *
The hippogriff pecks you.
* * * LOW HITPOINT WARNING * * *
The hippogriff claws you.
* * * LOW HITPOINT WARNING * * *
You feel yourself speed up.
You feel yourself speed up. The hippogriff bites you!
* * * LOW HITPOINT WARNING * * *
The hippogriff closely misses you.
The hippogriff claws you but does no damage.
The hippogriff misses you. The hippogriff pecks you.
* * * LOW HITPOINT WARNING * * *
The hippogriff claws you.
You die... ▓▓▓▓▓▓▓▓▓▓▓▓▓▓▓▓▓▓▓▓▓▓▓▓ ______'.?|)[[[..@HF....+ ▓▓▓▓▓▓▓▓▓▓▓▓▓▓▓▓▓▓▓▓▓▓▓▓

You could see a hippogriff and a bullfrog.

Vanquished Creatures
  A wraith (D)
  A hungry ghost (D)
  A centaur (D)
  A scorpion (D)
  2 orc wizards (D)
  A worker ant (D)
  An adder (D)
  A bat (D)
  A giant cockroach (D)
  A hobgoblin (D)
  A kobold (D)
  A quokka zombie (D)
  A rat (D)
14 creatures vanquished.

Notes
Turn   | Place    | Note
-------+----------+-------------------------------------------
     0 | D        | raistware the Ogre Berserker began the quest for the Orb.
     0 | D        | Reached XP level 1. HP: 24/24 MP: 1/1
     7 | D        | Reached skill level 3 in Maces & Flails
    14 | D        | Reached ** piety under Trog
    17 | D        | Reached skill level 4 in Maces & Flails
   146 | D        | Noticed a centaur
   146 | D        | Noticed an orc wizard
   146 | D        | Noticed a scorpion
   155 | D        | Killed a centaur
   155 | D        | Reached skill level 8 in Maces & Flails
   155 | D        | Reached XP level 2. HP: 23/32 MP: 2/2
   155 | D        | Reached XP level 3. HP: 28/39 MP: 3/3
   155 | D        | Reached XP level 4. HP: 35/48 MP: 4/4
   156 | D        | Reached *** piety under Trog
   161 | D        | Reached skill level 9 in Maces & Flails
   161 | D        | Reached XP level 5. HP: 31/54 MP: 5/5
   163 | D        | Reached **** piety under Trog
   163 | D        | Reached skill level 10 in Maces & Flails
   168 | D        | Found a roughly hewn altar of Beogh.
   168 | D        | Found a snail-covered altar of Cheibriados.
   168 | D        | Found a shadowy altar of Dithmenos.
   168 | D        | Found a white marble altar of Elyvilon.
   168 | D        | Found a blossoming altar of Fedhas.
   168 | D        | Found an opulent altar of Gozag.
   169 | D        | Found a hazy altar of Hepliaklqana.
   170 | D        | Found a viscous altar of Jiyva.
   171 | D        | Found an ancient bone altar of Kikubaaqudgha.
   172 | D        | Found a corrupted altar of Lugonu.
   173 | D        | Found a burning altar of Makhleb.
   174 | D        | Found a sparkling altar of Nemelex Xobeh.
   175 | D        | Found an iron altar of Okawaru.
   176 | D        | Found a stormy altar of Qazlal.
   177 | D        | Found a sacrificial altar of Ru.
   178 | D        | Found a deep blue altar of Sif Muna.
   179 | D        | Found a bloodstained altar of Trog.
   180 | D        | Found a hide-covered altar of Uskayaw.
   181 | D        | Found a radiant altar of Vehumet.
   182 | D        | Found an ornate altar of the Wu Jian Council.
   183 | D        | Found a shimmering altar of Xom.
   184 | D        | Found a basalt altar of Yredelemnul.
   185 | D        | Found a glowing silver altar of Zin.
   186 | D        | Found a glowing golden altar of the Shining One.
   203 | D        | Got the +2 halberd "Raogu" {chop, rF+}
   340 | D        | Noticed a wraith
   340 | D        | Noticed a hungry ghost
   340 | D        | Noticed a hippogriff
   347 | D        | Killed a wraith
   347 | D        | Reached skill level 12 in Maces & Flails
   347 | D        | Reached XP level 6. HP: 62/62 MP: 6/6
   375 | D        | Killed a hungry ghost
   375 | D        | Reached ***** piety under Trog
   375 | D        | Reached skill level 13 in Maces & Flails
   375 | D        | Reached XP level 7. HP: 40/70 MP: 7/7
   378 | D        | HP: 1/70 [hippogriff (4)]
   378 | D        | Slain by a hippogriff

Vault maps used:
D:        linesprint

Skill      XL: |  1  2  3  4  5  6 |
---------------+-------------------+-----
Maces & Flails | 8 9 12 13 | 13.4
Fighting       | |  4.0
Dodging        | |  2.6

Action                   |  1- 3 |  4- 6 |  7- 9 || total
-------------------------+-------+-------+-------++-------
Melee: Mace              |    24 |     7 |       ||    31
       Morningstar       |       |    29 |     2 ||    31
Invok: Berserk           |     1 |     1 |       ||     2
       Trog's Hand       |       |     1 |       ||     1
Evoke: Wand              |       |     2 |       ||     2
  Use: Potion            |       |       |     1 ||     1
  Eat: Ration            |       |     1 |       ||     1
Armor: Animal skin       |     5 |    11 |     1 ||    17
Dodge: Dodged            |    17 |    14 |     4 ||    35

Table legend:
 A = Spawn XP
 B = Non-spawn XP
 C = Spawn XP percentage of total XP
 D = Spawn monster count
 E = Non-spawn monster count
 F = Spawn count percentage of total count
 G = Total turns spent on level
                    A         B        C        D         E        F      G
               +---------+---------+-------+---------+---------+-------+---------
         Total |       0 |     718 |   0.0 |       0 |      14 |   0.0 |   378
               +---------+---------+-------+---------+---------+-------+---------
             D |       0 |     718 |   0.0 |       0 |      14 |   0.0 |   378
               +---------+---------+-------+---------+---------+-------+---------
